AoeStats
← Assem

Fortress

509198919Analyzed
4v4 RM · 5d ago on Sep 25, 2026· 37m 22s· 8 players
Game mode
Random Map
Map size
Huge
Population
200
Speed
Normal
Resources
Standard
Victory
Conquest
Starting age
Dark Age
Ending age
Imperial Age
RankedLock teamsTeams togetherTeam positionsShared explorationLock speedFull tech treeHidden civsTurbo modeCheats
Victory
Defeat
🇬🇧 Celts · United Kingdom
1152
+16
🇨🇱 Bengalis · Chile
1126
+17
🇵🇪 Malians · Peru
1117
+17
🇨🇳 Turks · China
1109
+18
🇬🇧 Lithuanians · United Kingdom
1166
-18
🇬🇧 Hindustanis · United Kingdom
1159
-17
🇿🇦 Khmer · South Africa
1150
-17
🇪🇬 Burgundians · Egypt
1125
-16
jorvikshungite
1:43 Loom
8:40 Feudal Age
13:26 Castle Age
11:27 Double-Bit Axe
11:26 Horse Collar
12:00 Gold Mining
12:47 Scale Mail Armor
12:43 Stone Mining
12:45 Arson
20:34 Forging
20:55 Chain Mail Armor
21:22 Bow Saw
22:25 Iron Casting
23:41 Wheelbarrow
23:34 Gambesons
23:11 Pikeman
26:48 Fletching
32:22 Imperial Age
31:04 Heavy Plow
31:21 Murder Holes
32:30 Masonry
33:10 Capped Ram
34:40 Plate Mail Armor
35:47 Blast Furnace
36:15 Furor Celtica
SeNSei;
6:13 Feudal Age
8:13 Loom
9:39 Loom
10:46 Double-Bit Axe
13:15 Castle Age
12:37 Horse Collar
16:51 Bow Saw
21:24 Wheelbarrow
20:51 Heavy Plow
20:43 Gold Mining
20:44 Stone Mining
21:45 Scale Barding Armor
22:17 Gold Shaft Mining
22:59 Hand Cart
24:06 Forging
24:17 Chain Barding Armor
24:57 Crossbowman
25:51 Fletching
26:37 Iron Casting
30:24 Imperial Age
28:25 Bloodlines
28:15 Husbandry
29:05 Bodkin Arrow
31:25 Ballistics
32:06 Chemistry
31:12 Siege Engineers
31:31 Conscription
31:25 Paiks
31:25 Bracer
32:01 Plate Barding Armor
31:27 Padded Archer Armor
32:30 Blast Furnace
32:46 Elite Elephant Archer
33:53 Masonry
34:30 Elite Battle Elephant
35:45 Leather Archer Armor
gregyostnerij
6:30 Feudal Age
8:11 Loom
11:13 Castle Age
9:28 Double-Bit Axe
10:03 Horse Collar
13:11 Heavy Plow
16:25 Bow Saw
17:11 Stone Mining
18:01 Gold Mining
26:10 Imperial Age
24:25 Wheelbarrow
23:55 Fletching
24:05 Padded Archer Armor
25:02 Gold Shaft Mining
24:56 Treadmill Crane
25:38 Ballistics
25:15 Bodkin Arrow
25:35 Leather Archer Armor
26:36 Bloodlines
26:27 Husbandry
26:45 Leather Archer Armor
26:52 Sipahi
28:29 Two-Man Saw
27:57 Hand Cart
27:32 Heavy Cavalry Archer
28:37 Parthian Tactics
29:15 Thumb Ring
29:34 Conscription
29:38 Bombard Tower
29:49 Bracer
29:44 Town Watch
31:35 Masonry
31:59 Ring Archer Armor
34:27 Artillery
35:41 Scale Barding Armor
35:46 Forging
36:44 Guilds
The_Valhalla
7:26 Feudal Age
11:27 Castle Age
9:36 Double-Bit Axe
9:55 Horse Collar
11:52 Forging
13:33 Iron Casting
15:05 Loom
18:05 Scale Mail Armor
22:33 Bow Saw
23:44 Wheelbarrow
22:48 Pikeman
24:33 Chain Mail Armor
29:04 Hand Cart
37:04 Imperial Age
34:20 Loom
34:21 Town Watch
35:27 Husbandry
35:37 Bloodlines
35:57 Scale Barding Armor
35:43 Fletching
35:55 Padded Archer Armor
35:31 Light Cavalry
36:20 Squires
36:06 Arson
37:09 Town Patrol
Curryfortea
6:54 Feudal Age
10:41 Castle Age
10:33 Double-Bit Axe
16:13 Loom
16:59 Bow Saw
20:38 Wheelbarrow
24:26 Imperial Age
23:28 Fletching
23:39 Padded Archer Armor
26:55 Imperial Age
24:01 Crossbowman
26:14 Bodkin Arrow
26:35 Leather Archer Armor
26:19 Town Watch
28:39 Chemistry
32:30 Shatagni
HYPNOS
7:01 Feudal Age
7:15 Feudal Age
11:17 Castle Age
9:18 Horse Collar
9:51 Double-Bit Axe
12:22 Gold Mining
19:13 Loom
24:17 Bow Saw
24:48 Wheelbarrow
25:58 Forging
28:46 Iron Casting
28:56 Town Watch
30:43 Scale Barding Armor
31:34 Heavy Plow
32:02 Chain Barding Armor
Assem
2:25 Double-Bit Axe
3:27 Horse Collar
4:23 Loom
4:55 Loom
10:01 Feudal Age
9:26 Gold Mining
12:00 Bow Saw
14:30 Castle Age
14:48 Gold Shaft Mining
15:50 Heavy Plow
17:12 Two-Man Saw
16:53 Wheelbarrow
21:49 Cavalier
22:29 Husbandry
23:27 Crop Rotation
24:01 Light Cavalry
24:43 Husbandry
25:14 Hand Cart
24:50 Stone Mining
26:43 Forging
26:39 Scale Barding Armor
27:19 Stone Shaft Mining
29:36 Iron Casting
29:01 Padded Archer Armor
34:17 Imperial Age
35:46 Chain Barding Armor
34:54 Paladin
35:47 Hussar
sam4liverpool
6:55 Feudal Age
9:52 Castle Age
7:54 Double-Bit Axe
8:39 Horse Collar
11:46 Loom
19:11 Bow Saw
19:37 Wheelbarrow
19:36 Heavy Plow
21:42 Town Watch
22:13 Hand Cart
27:16 Imperial Age
25:10 Town Patrol
27:24 Ballistics
27:11 Gold Mining
27:12 Stone Mining
29:26 Crop Rotation
28:27 Elite Ballista Elephant
30:20 Double Crossbow
31:46 Chemistry
30:52 Siege Engineers
33:10 Forging
33:06 Scale Barding Armor
34:05 Bloodlines
33:55 Husbandry
38:11 Conscription
Connection lost

Rejoining the realm…

Still unreachable

The connection could not be restored.

Session expired

The server has moved on; the page needs a fresh start.